 Dungeon Crawl Stone Soup version 0.19.5 (webtiles) character file.

114 miragecloak the Changer (level 4, 0/28 HPs)
             Began as an Octopode Transmuter on May 16, 2017.
             Slain by a gnoll
             ... wielding a +0 halberd
              (15 damage)
             ... on level 3 of the Dungeon.
             The game lasted 00:02:27 (2440 turns).

miragecloak the Changer (Octopode Transmuter)       Turns: 2440, Time: 00:02:28

Health: 0/28       AC:  1    Str:  9    XL:     4   Next: 98%
Magic:  4/7        EV: 13    Int: 15    God:
Gold:   108        SH:  0    Dex: 13    Spells: 2 memorised, 3 levels left

rFire  . . .     SeeInvis .       - Unarmed
rCold  . . .     Gourm    .     (no shield)
rNeg   . . .     Faith    .     (helmet restricted)
rPois  .         Spirit   .     (no amulet)
rElec  .         Reflect  .     o - ring of protection from magic
rCorr  .         Harm     .     (no ring)
MR     +....                    (no ring)
Stlth  ++........               (no ring)
                                (no ring)
                                (no ring)
                                (no ring)
                                (no ring)

@: very slightly contaminated
A: almost no armour, stealthy swim, amphibious, 8 rings, constrict 8, camouflage
1, gelatinous body 1
a: no special abilities


You were on level 3 of the Dungeon.
You were not hungry.

You visited 1 branch of the dungeon, and saw 3 of its levels.

You collected 108 gold pieces.

Inventory:

Missiles
 a - 42 arrows
Jewellery
 o - a ring of protection from magic (left tentacle)
Scrolls
 e - 3 scrolls of remove curse {unknown}
 f - a scroll of amnesia {unknown}
 g - 4 scrolls of identify {unknown}
 h - a scroll of blinking {unknown}
 i - a scroll of fear {unknown}
 p - a scroll of random uselessness {unknown}
 q - a scroll of enchant weapon {unknown}
 r - a scroll of teleportation {unknown}
Potions
 j - 2 potions of lignification {unknown}
 k - a potion of brilliance {unknown}
 m - a potion of curing {unknown}
Books
 b - a book of Changes

   Spells                             Type                      Level
   a - Beastly Appendage              Transmutation                1
   b - Sticks to Snakes               Transmutation                2
   c - Spider Form                    Transmutation/Poison         3
   d - Ice Form                       Ice/Transmutation            4
   e - Blade Hands                    Transmutation                5
Comestibles
 c - 2 bread rations
 d - a slice of pizza
 l - 5 fruits
 n - 2 chunks of flesh


   Skills:
 - Level 1.0 Fighting
 - Level 2.0 Dodging
 + Level 3.2 Unarmed Combat
 - Level 2.0 Spellcasting
 - Level 4.0 Transmutations
 + Level 2.6 Poison Magic


You had 3 spell levels left.
You knew the following spells:

 Your Spells              Type           Power        Failure   Level  Hunger
a - Beastly Appendage     Tmut           ##....       4%          1    #......
b - Spider Form           Tmut/Pois      ##........   21%         3    ###....


Dungeon Overview and Level Annotations

Branches:
Dungeon (3/15)

Altars:


Innate Abilities, Weirdness & Mutations

You cannot wear most types of armour.
You are very stealthy in the water. (Stealth+)
You are amphibious.
You can wear up to eight rings at the same time.
You can use your tentacles to constrict eight enemies at once.
Your skin changes colour to match your surroundings (Stealth+).
Your rubbery body absorbs attacks. (AC +1, EV +1)


Message History

This raw flesh tastes terrible.
You start resting.
Your transformation has ended.
You start resting.
Magic restored.
You start resting.
HP restored.
Casting: Spider Form
Confirm with . or Enter, or press ? or * to list all spells.
You miscast Spider Form.
You are very lightly contaminated with residual magic.
You feel a strange surge of energy!
You climb downwards.
A kobold comes into view. It is wielding a dagger.
The gnoll hits you from afar with a halberd.
The gnoll hits you with a spear! The gnoll hits you but does no damage.
There is a stone staircase leading up, spattered with blood here.
The gnoll hits you from afar with a halberd!
Ouch! That really hurt!
You die...

.....# ÷....# .....# ####.
.....####### ##.....
...........# ####.......
...........# #....#.....
...........###.##.......
...........##..#..#.#..#
##..........[...@.....#
#.#.#####......#g....##
#.#.##..........g.....#
##.#.#......#..#.......#
#......................#
#.....................##
........)..............###
....†.....................
...........)..............


You could see 2 gnolls.

Vanquished Creatures
  An orc priest (D:3)
  A gnoll (D:2)
  2 oozes
  2 worms
  A dart slug (D:3)
  2 leopard geckos
  3 orcs (D:2)
  6 bats
  6 giant cockroaches
  7 goblins
  6 hobgoblins
  6 kobolds
  6 frilled lizards
  5 rats
54 creatures vanquished.

Notes
Turn   | Place    | Note
-------+----------+-------------------------------------------
     0 | D:1      | miragecloak the Octopode Transmuter began the quest for the Orb.
     0 | D:1      | Reached XP level 1. HP: 13/13 MP: 3/3
   126 | D:1      | Reached XP level 2. HP: 15/18 MP: 3/5
   270 | D:1      | Reached skill level 3 in Transmutations
   598 | D:1      | Reached XP level 3. HP: 23/23 MP: 4/6
   603 | D:1      | Learned a level 3 spell: Spider Form
   962 | D:2      | Reached skill level 1 in Poison Magic
  1621 | D:3      | Reached XP level 4. HP: 20/28 MP: 4/7
  1642 | D:3      | Reached skill level 4 in Transmutations
  2272 | D:3      | Noticed a black bear
  2440 | D:3      | Slain by a gnoll

Skill      XL: |  1  2  3  4 |
---------------+-------------+-----
Transmutations | 3 4 |  4.0
Poison Magic   | 1 2 |  2.6
Fighting       | |  1.0
Dodging        | |  2.0
Unarmed Combat | |  3.2
Spellcasting   | |  2.0

Action                   |  1- 3 |  4- 6 || total
-------------------------+-------+-------++-------
Melee: Unarmed           |   100 |    38 ||   138
       Kick              |    23 |       ||    23
       Constrict         |    23 |     4 ||    27
       Tentacles         |    14 |     2 ||    16
       Punch             |     2 |       ||     2
 Cast: Beastly Appendage |    37 |       ||    37
       Spider Form       |     1 |     4 ||     5
 Stab: Sleeping          |     3 |       ||     3
  Eat: Meat ration       |     1 |       ||     1
       Chunk             |       |     2 ||     2
Armor: Skin              |    12 |    15 ||    27
Dodge: Dodged            |    72 |    69 ||   141
